 Dungeon Crawl Stone Soup version 0.18-a0-1123-gbd92598 (webtiles) character file.

47 Reinor the Vexing (level 3, -3/24 HPs)
             Began as a Vampire Enchanter on Jan 19, 2016.
             Was an Initiate of Ashenzari.
             Slain by a worm (10 damage)
             ... on level 2 of the Dungeon.
             The game lasted 00:04:28 (1360 turns).

Reinor the Vexing (Vampire Enchanter)               Turns: 1360, Time: 00:04:28

Health: -3/24      AC:  3    Str:  7    XL:     3   Next: 48%
Magic:  0/6        EV: 12    Int: 18    God:    Ashenzari [......]
Gold:   96         SH:  0    Dex: 14    Spells: 2 memorised, 3 levels left

rFire  . . .     SeeInvis +     f - +0 dagger (speed)
rCold  . . .     Gourm    .     b - +1 robe
rNeg   + . .     Faith    .     (no shield)
rPois  .         Spirit   .     (no helmet)
rElec  .         Dismiss  .     (no cloak)
rCorr  .         Reflect  .     (no gloves)
SustAt .         Harm     .     (no boots)
MR     .....                    (no amulet)
Stlth  +++.......               (no ring)
                                (no ring)

@: not resistant to hostile enchantments, fairly stealthy
A: fangs 3, see invisible, unbreathing
a: Bat Form, Renounce Religion


You were on level 2 of the Dungeon.
You worshipped Ashenzari.
Ashenzari was noncommittal.
You were not thirsty.

You visited 1 branch of the dungeon, and saw 2 of its levels.

You collected 96 gold pieces.

Inventory:

Hand Weapons
 f - a +0 dagger of speed (weapon)
Armour
 b - a +1 robe (worn)
Scrolls
 a - a scroll of remove curse
 g - a scroll of recharging {unknown}
 h - a scroll of identify {unknown}
Potions
 d - 9 potions of blood
 e - 2 potions of agility {unknown}
Books
 c - a book of Maledictions

   Spells                             Type                      Level
   a - Corona                         Hexes                        1
   b - Ensorcelled Hibernation        Hexes/Ice                    2
   c - Confuse                        Hexes                        3
   d - Tukima's Dance                 Hexes                        3
   e - Dazzling Spray                 Conjuration/Hexes            3


   Skills:
 + Level 3.6 Short Blades
 - Level 2.1 Dodging
 - Level 4.4 Stealth
 - Level 2.0 Spellcasting
 - Level 4.4 Hexes
 + Level 0.6 Ice Magic


You had 3 spell levels left.
You knew the following spells:

 Your Spells              Type           Power        Failure   Level  Hunger
a - Corona                Hex            ###....      3%          1    #......
b - Ensorcelled Hibernat  Hex/Ice        ##....       12%         2    ###....


Dungeon Overview and Level Annotations

Branches:
Dungeon (2/15)

Altars:
Ashenzari


Innate Abilities, Weirdness & Mutations

You have razor-sharp teeth.
You have supernaturally acute eyesight.
You can survive without breathing.


Message History

You barely miss the kobold. You hit the kobold. You bite the kobold.
You kill the kobold!
You see here a kobold corpse.
You see here a kobold corpse.
You bottle the corpse's blood.
d - 9 potions of blood (gained 1)
Casting: Ensorcelled Hibernation
Confirm with . or Enter, or press ? or * to list all spells.
Aiming: Ensorcelled Hibernation
Press: ? - help, Shift-Dir - straight line, f/p - worm
Aim: a worm (hasn't noticed you, chance to defeat MR: 50%)
The worm resists with some effort.
Casting: Ensorcelled Hibernation
Confirm with . or Enter, or press ? or * to list all spells.
Aiming: Ensorcelled Hibernation
Press: ? - help, Shift-Dir - straight line, f/p - worm
Aim: a worm (chance to defeat MR: 50%)
The worm resists with some effort.
The worm bites you!
You die...

#... .. ##. ##(## #.### #.##..
##...## #.# #.##.#
##.....######## #.# # #.##.#
#.............. #.
#.##.####.....########
#.##.##.##.......#
####............#.#.# ######
............w.....#.# #.....
##########.##.##@#...#.#
#.###.
.......w.K..K.##.#.###.#####.#
#.
##.........#####.#.##........#
#. #.######### #.......#######
#. #.# ##.#.#.## ## #.# .#.#.
#.# .# .. #.# ##### #.#


You could see a worm.

Vanquished Creatures
  2 adders (D:2)
  A giant gecko (D:2)
  6 bats
  2 giant cockroaches (D:1)
  4 goblins
  4 hobgoblins
  A quokka (D:2)
  2 giant newts
  2 kobolds (D:2)
  4 rats
28 creatures vanquished.

Notes
Turn   | Place    | Note
--------------------------------------------------------------
     0 | D:1      | Reinor the Vampire Enchanter began the quest for the Orb.
     0 | D:1      | Reached XP level 1. HP: 13/13 MP: 3/3
   388 | D:1      | Reached XP level 2. HP: 19/19 MP: 5/5
   417 | D:1      | Found a shattered altar of Ashenzari.
   425 | D:1      | Became a worshipper of Ashenzari the Shackled
   827 | D:2      | Learned a level 2 spell: Ensorcelled Hibernation
   897 | D:2      | Reached XP level 3. HP: 17/24 MP: 3/6
  1360 | D:2      | Slain by a worm

Vault maps used:
D:1:      minmay_arrival_checkered_box, evilmike_ruin_ashenzari

Action                   || total
-------------------------++-------
Melee: Dagger            ||   126
 Cast: Ensorcelled Hiber ||     8
  Use: Potion            ||     1
 Stab: Sleeping          ||    13
